 Dungeon Crawl Stone Soup version 0.30-a0-341-g682706514a (webtiles) character file.

Game seed: 279335449299087311

1052 Kinoniko the Cudgeller (level 8, -1/58 HPs)
             Began as a Demonspawn Berserker on Nov 2, 2022.
             Was a Priest of Trog.
             Slain by a gnoll sergeant
             ... wielding a +3 vorpal trident
              (5 damage)
             ... on level 6 of the Dungeon.
             The game lasted 00:05:23 (4364 turns).

Kinoniko the Cudgeller (Demonspawn Berserker)       Turns: 4364, Time: 00:05:24

Health: -1/58      AC:  9    Str: 19    XL:     8   Next: 5%
Magic:  0/8        EV: 10    Int:  8    God:    Trog [***...]
Gold:   246        SH:  0    Dex: 19    Spells: 7/7 levels left

rFire   + . .      SeeInvis +    o - +8 flail of Arbitration {drain, rC- Dex+5 SInv}
rCold   x . .      Faith    .    (no shield)
rNeg    + . .      Spirit   +    f - +0 chain mail
rPois   .          Reflect  .    (no helmet)
rElec   .          Harm     .    n - +0 cloak
rCorr   .          Rampage  .    (no gloves)
Will    .....                    (no boots)
Stlth   ..........               t - amulet of guardian spirit
HPRegen 0.29/turn                c - ring of positive energy
MPRegen 0.11/turn                q - ring of protection from fire

@: on berserk cooldown, slowed, very slow
A: hooves 1, powered by death 1, sturdy frame 2
a: Renounce Religion, Berserk, Trog's Hand


You were on level 6 of the Dungeon.
You worshipped Trog.
Trog was most pleased with you.
You visited 1 branch of the dungeon, and saw 6 of its levels.
You also visited: Ossuary.

You collected 441 gold pieces.
You spent 195 gold pieces at shops.

Inventory:

Hand Weapons
 a - a +0 hand axe
 o - the +8 flail of Arbitration (weapon) {drain, rC- Dex+5 SInv}
   (You bought it in a shop on level 3 of the Dungeon)

   A truly terrible weapon, it drains the life of any living foe it strikes.
   Dex:       It affects your dexterity (+5).
   rC:        It makes you vulnerable to cold.
   SInv:      It lets you see invisible.
 r - a +0 war axe
Missiles
 h - a throwing net (quivered)
Armour
 b - a +0 animal skin
 f - a +0 chain mail (worn)
 n - a +0 cloak (worn)
Jewellery
 c - a ring of positive energy (left hand)
 q - a ring of protection from fire (right hand)
 t - an amulet of guardian spirit (around neck)
 z - an amulet of the acrobat
Wands
 B - a wand of polymorph (7)
 D - a wand of flame (48)
Scrolls
 j - a scroll of silence
 l - a scroll of poison
 p - a scroll of fear
 u - 2 scrolls of brand weapon
 w - 2 scrolls of teleportation
 y - a scroll of magic mapping
 A - 3 scrolls of identify
Potions
 d - 2 potions of heal wounds {unknown}
 e - 3 potions of attraction {unknown}
 g - 3 potions of mutation {unknown}
 i - 5 potions of cancellation {unknown}
 k - a potion of ambrosia {unknown}
 m - 2 potions of degeneration {unknown}
 s - 2 potions of curing {unknown}
 v - a potion of flight {unknown}
 x - 2 potions of haste {unknown}
 C - 2 potions of magic {unknown}


   Skills:
 - Level 3.0 Fighting
 - Level 6.1(7.4) Axes
 * Level 6.5(7.6) Maces & Flails
 - Level 1.7 Armour
 - Level 1.7 Dodging


You had 7 spell levels left.
You didn't know any spells.
Your spell library was empty.

Dungeon Overview and Level Annotations

Branches:
Dungeon (6/15)             Temple (0/1) D:5         Ossuary (visited)

Altars:
Ashenzari
Okawaru

Shops:
D:3 (


Innate Abilities, Weirdness & Mutations

You have large cloven feet.
You regenerate a little health from kills.
Your movements are less encumbered by armour. (ER -4)


Message History

You barely miss the orc. You kick the orc.
The orc is almost dead.
The gnoll sergeant hits you from afar with a +3 vorpal trident.
The orc closely misses you.
The gnoll throws a throwing net.
The throwing net hits you.
You become entangled in the net!
The gnoll barely misses you.
Unknown command.
You struggle against the net.
The gnoll sergeant hits you but does no damage.
The gnoll hits you with a +0 flail. The gnoll hits you but does no damage.
The orc barely misses you.
You struggle against the net.
You feel a strong urge to attack something.
The gnoll sergeant hits you from afar with a +3 vorpal trident.
The orc hits you but does no damage. The gnoll barely misses you.
The gnoll hits you from afar with a +0 halberd!
* * * LOW HITPOINT WARNING * * *
You rip the net and break free!
You feel your anger nearly subside. The gnoll sergeant barely misses you.
The orc hits you but does no damage. The gnoll misses you.
The gnoll hits you with a +0 halberd.
* * * LOW HITPOINT WARNING * * *
Items here: )) ††.
Unknown command.
You sock the gnoll sergeant! You kick the gnoll sergeant.
The gnoll sergeant is heavily wounded.
You are no longer berserk.
You are exhausted.
You feel yourself slow down.
The gnoll sergeant hits you with a +3 vorpal trident!
* * * LOW HITPOINT WARNING * * *
x2 The orc hits you with a +0 flail.
* * * LOW HITPOINT WARNING * * *
The gnoll hits you with a +0 flail.
* * * LOW HITPOINT WARNING * * *
The gnoll barely misses you. The gnoll sergeant blocks your attack.
You kick the gnoll sergeant.
The gnoll sergeant is severely wounded.
The gnoll sergeant hits you with a +3 vorpal trident.
You die...

##.... ######### ##..##.
..<.....###..#### #
#####...†.).##### ..#
#######...... ....
##........ .....
#........#
......#########.......##
.....gg@)..............#
......ggo...............
........###.............
........# #####.........
.......## #.........
#...... #.........
#...... #........#
#.....# #........#
#.....##..


You could see a gnoll sergeant, 3 gnolls and an orc.

Vanquished Creatures
  Edmund (D:6)
  A black bear (D:5)
  An ice beast (D:5)
  An ogre (D:5)
  A bullfrog (D:6)
  A necrophage (D:5)
  A scorpion (D:5)
  A howler monkey (D:4)
  A hound (D:5)
  Crazy Yiuf (D:2)
  Terence (D:2)
  2 orc wizards
  2 iguanas
  9 mummies
  2 gnolls (D:6)
  3 adders
  A white imp (D:4)
  A worm (D:2)
  2 dart slugs (D:1)
  6 orcs
  3 bats
  3 endoplasms
  A giant cockroach (D:4)
  2 gnoll zombies (Ossuary)
  5 goblins
  15 hobgoblins
  6 jackals (D:1)
  5 kobolds
  4 quokkas
  5 ball pythons
  5 frilled lizards
  2 hobgoblin zombies (Ossuary)
  3 kobold zombies (Ossuary)
  An orc zombie (Ossuary)
  10 rats
109 creatures vanquished.

Vanquished Creatures (others)
  4 fungi (D:2)
4 creatures vanquished.

Grand Total: 113 creatures vanquished

Notes
Turn   | Place    | Note
-------+----------+-------------------------------------------
     0 | D:1      | Kinoniko the Demonspawn Berserker began the quest for the
                  | Orb.
     0 | D:1      | Reached XP level 1. HP: 18/18 MP: 1/1
    89 | D:1      | Gained mutation: Your movements are slightly less
                  | encumbered by armour. (ER -2) [demonic ancestry]
    89 | D:1      | Reached XP level 2. HP: 7/24 MP: 2/2
   464 | D:1      | Gained mutation: You have large cloven feet. [demonic
                  | ancestry]
   464 | D:1      | Reached XP level 3. HP: 29/29 MP: 3/3
   597 | D:1      | Reached ** piety under Trog
  1246 | D:2      | Noticed Terence
  1256 | D:2      | Killed Terence
  1257 | D:2      | Reached XP level 4. HP: 35/35 MP: 4/4
  1627 | D:2      | Found a runed translucent door.
  1628 | D:2      | Noticed Crazy Yiuf
  1637 | D:2      | Killed Crazy Yiuf
  1638 | D:2      | Reached skill level 5 in Axes
  1734 | D:3      | Found Ohebiug's Antique Weapon Emporium.
  1874 | D:3      | Found a broken altar of Ashenzari.
  2252 | D:4      | Found a sand-covered staircase.
  2257 | D:4      | Gained mutation: You regenerate a little health from kills.
                  | [demonic ancestry]
  2257 | D:4      | Reached XP level 5. HP: 41/41 MP: 5/5
  2260 | Ossuary  | Entered an ossuary
  2279 | Ossuary  | Reached *** piety under Trog
  2714 | D:3      | Bought a glimmering flail for 195 gold pieces
  2714 | D:3      | Identified the +8 flail of Arbitration {drain, rC- Dex+5
                  | SInv} (You bought it in a shop on level 3 of the Dungeon)
  3148 | D:4      | Gained mutation: Your movements are less encumbered by
                  | armour. (ER -4) [demonic ancestry]
  3148 | D:4      | Reached XP level 6. HP: 38/47 MP: 6/6
  3156 | D:4      | Reached skill level 1 in Maces & Flails
  3371 | D:5      | Entered Level 5 of the Dungeon
  3447 | D:5      | Noticed an ice beast
  3458 | D:5      | Killed an ice beast
  3459 | D:5      | Reached XP level 7. HP: 25/52 MP: 7/7
  3655 | D:5      | Found an iron altar of Okawaru.
  3704 | D:5      | Reached skill level 5 in Maces & Flails
  3747 | D:5      | Found a staircase to the Ecumenical Temple.
  4195 | D:6      | Noticed Edmund
  4210 | D:6      | Killed Edmund
  4211 | D:6      | Reached XP level 8. HP: 50/58 MP: 8/8
  4364 | D:6      | Slain by a gnoll sergeant

Illustrated notes

Levels and vault maps discovered:
D:1:      grunt_arrival_crossed_arrows, layout_basic
D:2:      layout_basic, uniq_crazy_yiuf_cottage, uniq_terence
D:3:      layout_basic, mainiacjoe_overflow_alcove_1,
          mainiacjoe_overflow_tiny_flanked, overflow_temple_1_default,
          serial_shops, shop
D:4:      nicolae_cairo_tiling, layout_loops_cross, gup_ossuary_entry_pyramid
D:5:      layout_cave_pools, okawaru_ov_weapons_minmay, minmay_temple_entry_hall
D:6:      layout_cave_pods, minmay_tree_intersection, uniq_edmund

Skill      XL: |  1  2  3  4  5  6  7 |
---------------+----------------------+-----
Axes           | 3 4 5 6 |  6.1
Maces & Flails | 3 6 |  6.5
Fighting       | |  3.0
Armour         | |  1.7
Dodging        | |  1.7

Action                   |  1- 3 |  4- 6 |  7- 9 || total
-------------------------+-------+-------+-------++-------
Melee: Hand axe          |   123 |    45 |       ||   168
       Punch             |     1 |     1 |       ||     2
       Kick              |    14 |    43 |    13 ||    70
       War axe           |       |    52 |       ||    52
       Flail             |       |    42 |    38 ||    80
Invok: Berserk           |     2 |     3 |     1 ||     6
  Use: Scroll            |       |     7 |     2 ||     9
Armor: Chain mail        |    46 |    53 |    21 ||   120
       Animal skin       |     8 |       |       ||     8
Dodge: Dodged            |    62 |    57 |    24 ||   143

Table legend: (Time is in decaauts)
 A = Elapsed time spent in this place.
 B = Non-inter-level travel time spent in this place.
 C = Inter-level travel time spent in this place.
 D = Time resting spent in this place.
 E = Time spent auto-exploring this place.
 F = Levels seen in this place.
 G = Mean time per level.
                   A        B        C        D        E       F      G
               +--------+--------+--------+--------+--------+-----+--------+
         Total |   4455 |   4169 |    286 |    322 |   3053 |   7 |  636.4 |
       Dungeon |   4154 |   3868 |    286 |    275 |   2890 |   6 |  692.3 |
       Ossuary |    300 |    300 |      0 |     46 |    163 |   1 |  300.0 |
               +--------+--------+--------+--------+--------+-----+--------+

Top non-repeatable levels by time:
     D:1: 927 daAuts
     D:4: 874 daAuts
     D:2: 831 daAuts
     D:5: 707 daAuts
     D:3: 514 daAuts
 Ossuary: 300 daAuts
     D:6: 299 daAuts
